Map: Ruins of Endion

Players

IlIlIIlIIlIl

  • Race: Terran Terran
  • League: Master

Miszu - Winner!

  • Race: Terran Terran
  • League: Master

VOD

Have the link to the VOD?

Description

Time

  • Played on: April 5, 2016, 4:23 p.m.
  • Length: 10:22
Show
View Real Time Build Order
Export as new Build Order

IlIlIIlIIlIl Terran 

Build Orders:  

Get SALT Encoding   

  12  0:02  SCV  
  13  0:14  SCV  
  13  0:17  Supply Depot  
  14  0:26  SCV  
  15  0:39  SCV  
  15  0:40  Barracks  
  16  0:44  Refinery  
  16  0:51  SCV  
  17  1:00  Refinery  
  17  1:03  SCV  
  18  1:15  SCV  
  19  1:28  Reaper, Orbital Command  
  20  1:34  Supply Depot  
  20  1:47  Factory  
  20  1:55  SCV  
  20  1:58  Bunker  
  21  2:13  Marine  
  22  2:16  SCV  
  23  2:30  SCV  
  23  2:31  Marine  
  23  2:32  Starport, Factory Tech Lab  
  25  2:39  Supply Depot  
  25  2:43  SCV  
  26  2:49  Marine  
  27  2:56  SCV  
  28  3:07  Marine, Factory Tech Lab  
  29  3:14  SCV  
  29  3:18  Command Center  
  30  3:22  Raven  
  30  3:25  Barracks Reactor  
  32  3:27  SCV  
  33  3:43  Cyclone  
  33  3:46  SCV  
  37  3:48  Supply Depot  
  37  3:58  SCV  
  38  4:04  Marine  
  39  4:10  Viking, Marine  
  39  4:11  SCV  
  42  4:20  Siege Tank  
  42  4:23  SCV  
  46  4:29  Marine x2  
  46  4:30  Orbital Command  
  48  4:33  Supply Depot  
  48  4:36  SCV  
  49  4:53  Siege Tank  
  52  5:00  Orbital Command  
  52  5:07  Engineering Bay  
  52  5:09  Medivac x2  
  52  5:22  SCV  
  52  5:25  SCV  
  53  5:34  SCV  
  54  5:37  SCV  
  55  5:46  SCV  
  55  5:49  SCV  
  57  5:55  Siege Tank  
  57  5:56  Missile Turret  
  60  5:58  SCV  
  60  6:00  Refinery  
  60  6:01  Marine  
  60  6:02  Viking, SCV  
  60  6:03  Viking, Barracks  
  67  6:04  Barracks  
  67  6:10  SCV  
  68  6:14  SCV  
  63  6:28  SCV  
  63  6:29  SCV  
  63  6:32  Viking  
  67  6:33  Viking  
  67  6:35  Marine  
  61  6:41  SCV x2  
  61  6:43  Refinery  
  63  6:53  Marine, SCV x2  
  63  7:02  Viking  
  63  7:05  SCV  
  66  7:10  Barracks Reactor x2  
  66  7:11  Stimpack  
  66  7:12  SCV  
  65  7:16  Command Center  
  65  7:17  SCV  
  66  7:25  SCV  
  67  7:30  Supply Depot x2  
  67  7:32  Terran Infantry Weapons Level 1  
  67  7:33  Barracks  
  67  7:34  Barracks Tech Lab  
  67  7:35  Barracks  
  67  7:36  Marine, Medivac  
  70  7:47  Supply Depot x2  
  70  7:51  Marine x2, Medivac, SCV x2, Combat Shields  
  70  7:58  Marine x2  
  76  8:03  SCV x2  
  80  8:06  Siege Tank  
  80  8:08  Supply Depot  
  80  8:09  Marine x2  
  80  8:10  Supply Depot  
  85  8:14  Supply Depot, Medivac  
  85  8:15  SCV  
  85  8:19  SCV  
  90  8:27  SCV  
  90  8:28  Barracks Reactor x2  
  90  8:31  SCV  
  90  8:33  Marine x3, Medivac  
  90  8:34  Marine  
  97  8:35  Orbital Command  
  94  8:51  Marine x3  
  94  8:52  Medivac, Siege Tank  
  102  8:58  Marine  
  103  9:06  Marine x2  
  103  9:07  Marine, Orbital Command  
  103  9:09  Marine x3  
  109  9:16  Marine  
  110  9:23  Marine  
  111  9:24  Marine x3  
  111  9:26  Marine  
  111  9:27  Marine  
  117  9:34  SCV x3  
  117  9:36  Siege Tank  
  122  9:43  Armory  
  122  9:44  Factory  
  122  9:46  Engineering Bay  
  122  9:47  Barracks Reactor  
  122  9:54  Missile Turret  
  122  9:56  Refinery, Missile Turret  
  122  9:57  Marine, Refinery  
  122  9:58  Missile Turret  
  123  10:00  Sensor Tower, SCV  
  123  10:01  SCV  
Show
View Real Time Build Order
Export as new Build Order

Miszu Terran - Winner!

Build Orders: 1/1/1, MMM Bio, Banshee Rush 

Get SALT Encoding   

  12  0:01  SCV  
  13  0:13  SCV  
  14  0:18  Supply Depot  
  14  0:25  SCV  
  15  0:32  Refinery  
  15  0:39  SCV  
  16  0:46  Barracks  
  16  0:53  Refinery  
  16  0:55  SCV  
  17  1:08  SCV  
  18  1:20  SCV  
  19  1:32  SCV  
  20  1:33  Factory  
  20  1:35  Reaper  
  21  1:44  Orbital Command  
  21  1:53  Supply Depot  
  21  2:07  Reaper  
  22  2:10  SCV  
  22  2:17  Hellion  
  24  2:23  Starport  
  24  2:26  SCV  
  25  2:37  Supply Depot  
  25  2:38  SCV  
  25  2:40  Barracks Tech Lab  
  26  2:47  Hellion  
  26  2:50  SCV  
  29  3:02  SCV  
  29  3:04  Supply Depot  
  30  3:10  Cloaking Field  
  30  3:15  Banshee  
  30  3:16  SCV  
  34  3:28  SCV  
  35  3:37  Factory Tech Lab  
  35  3:38  Barracks Reactor  
  35  3:41  SCV  
  36  3:48  Command Center  
  36  3:53  SCV  
  37  3:58  Banshee  
  40  4:07  SCV  
  40  4:20  SCV  
  41  4:24  Command Center  
  41  4:32  SCV  
  41  4:34  Siege Tank  
  45  4:44  SCV  
  43  4:53  Barracks  
  43  4:54  Barracks  
  43  4:55  Marine x2  
  43  4:56  Starport Reactor  
  44  5:01  SCV  
  45  5:10  Siege Tank  
  45  5:13  Marine  
  49  5:14  SCV  
  47  5:28  Marine  
  48  5:29  SCV  
  48  5:31  Marine  
  48  5:34  Orbital Command  
  50  5:37  Orbital Command  
  50  5:41  SCV  
  48  5:42  Siege Tank  
  48  5:47  Barracks Tech Lab  
  51  5:51  Marine, Stimpack  
  51  5:56  Medivac  
  54  5:59  Medivac  
  56  6:08  Marine  
  56  6:10  Marine  
  56  6:11  Marine x2  
  58  6:23  Siege Tank  
  50  6:25  Marine  
  50  6:28  Marine x3  
  50  6:32  SCV  
  53  6:33  SCV  
  53  6:37  SCV  
  55  6:43  Marine  
  55  6:44  SCV  
  55  6:46  Marine x3  
  60  6:48  Combat Shields  
  60  6:51  SCV x2  
  62  6:55  Siege Tank  
  62  6:56  SCV  
  66  7:01  Marine  
  66  7:04  Marine x3  
  66  7:05  SCV  
  72  7:08  SCV  
  72  7:11  Refinery x2  
  72  7:13  Engineering Bay x2  
  72  7:17  SCV  
  72  7:19  Medivac  
  77  7:40  Terran Infantry Weapons Level 1  
  77  7:43  Barracks x2  
  77  7:47  Marine, Orbital Command  
  77  7:48  Terran Infantry Armor Level 1, SCV  
  77  7:53  Marine x3, SCV  
  77  7:56  Supply Depot x2  
  81  8:00  SCV  
  81  8:05  Marine, SCV  
  82  8:11  Marine  
  85  8:17  Marine x2, Siege Tank, SCV  
  85  8:18  SCV  
  85  8:19  SCV  
  93  8:23  Medivac, Armory  
  94  8:28  Marine  
  94  8:29  Marine  
  94  8:32  Missile Turret  
  95  8:34  Missile Turret  
  95  8:35  Marine  
  95  8:37  Missile Turret  
  95  8:41  Missile Turret  
  96  8:46  SCV x2  
  100  8:52  SCV  
  100  8:54  Barracks Reactor x2  
  99  8:58  SCV  
  100  9:04  Barracks Reactor  
  100  9:07  SCV  
  101  9:10  Sensor Tower  
  101  9:17  Refinery  
  101  9:18  Refinery, SCV  
  101  9:20  Marine x4, SCV  
  108  9:28  SCV  
  108  9:30  SCV  
  112  9:32  Supply Depot, SCV  
  112  9:34  Supply Depot  
  112  9:38  Marine x4  
  114  9:40  Factory  
  117  9:46  Marine x2, SCV x2  
  117  9:47  SCV  
  117  9:55  Marine  
  117  9:56  Supply Depot, Marine x2  
  117  9:57  Supply Depot  
  117  9:58  SCV x2  
  117  9:59  Supply Depot, SCV  
Tags
 
Composition
MMM Bio
Matchup
TvT
Opening
1/1/1
Race
Terran
Strategy
Banshee Rush
Add a new tag
Caveats
  • Supply blocks, unpowered buildings, or Contaminate may cause inaccurate times.
  • Supply counts are checked every 10 seconds.